cohdb
Replays
Latest Replays
All Replays
Popular Replays
Top Player Replays
Match Explorer
How It Works
Community
CoH3 Stats
Reddit
Sign in to upload your games and track your stats! →
Sign in with Steam
Match 41423618
Unlisted
Match 41423618
Overview
Messages
Build Orders
End
Construct Barracks
Scout Squad
Selects Special Operations Battlegroup
Selects Special Operations Battlegroup
Selects Special Operations Battlegroup
Riflemen Squad
Riflemen Squad
Riflemen Squad
Mechanized Support Center
Selects M29 Weasel with M1 Pack Howitzer
M29 Weasel with M1 Pack Howitzer
Construct Motor Pool
Grenade Package
M8 Greyhound Armored Car
Improvised Armor
Designate Forward Repair Station
Engineer Squad
M1918 Browning Automatic Rifles
Construct Tank Depot
Selects P-47 Anti-Infantry Loiter
Selects UNKNOWN (2162291)
Selects Smoke Screen
Smoke Screen
M4A1 Sherman Medium Tank
M4A1 76mm Conversion
ManOfWar
Sarmynation
v4mp - HTB -
Devin
0
0
Comments
sign in to comment!
No comments posted yet!